 Dungeon Crawl Stone Soup version 0.25-a0-1130-g3926558f3a (webtiles) character file.

Game seed: 12144435611770255257, levelgen mode: deterministic

1594 MisterFreud the Chopper (level 8, -1/68 HPs)
             Began as a Deep Dwarf Necromancer on May 19, 2020.
             Was a Follower of Makhleb.
             Slain by Harold
             ... wielding a +0 battleaxe
              (22 damage)
             ... on level 7 of the Dungeon.
             The game lasted 00:21:06 (8289 turns).

MisterFreud the Chopper (Deep Dwarf Necromancer)    Turns: 8289, Time: 00:21:06

Health: -1/68      AC:  3    Str: 19    XL:     8   Next: 62%
Magic:  2/8        EV: 12    Int: 17    God:    Makhleb [*.....]
Gold:   262        SH:  0    Dex: 13    Spells: 10/15 levels left

rFire    . . .     SeeInvis .   r - +0 war axe
rCold    . . .     Gourm    .   (no shield)
rNeg     . . .     Faith    .   a - +0 robe
rPois    .         Spirit   .   (no helmet)
rElec    .         Reflect  .   (no cloak)
rCorr    .         Harm     .   (no gloves)
MR       +....                  l - +0 pair of boots
Stlth    ++........             (no amulet)
HPRegen  0.00/turn              G - +6 ring of strength
MPRegen  0.11/turn              (no ring)

@: marked, non-regenerating
A: damage resistance, heal wounds, sense surroundings 1, no regeneration
a: Heal Wounds, Renounce Religion


You were on level 7 of the Dungeon.
You worshipped Makhleb.
Makhleb was aware of your devotion.
You were not hungry.

You visited 2 branches of the dungeon, and saw 8 of its levels.

You collected 262 gold pieces.

Inventory:

Hand Weapons
 f - a +0 dagger of venom
 r - a +0 war axe (weapon)
 w - a +2 whip of venom
 C - a +0 lajatang
Missiles
 b - 184 stones (quivered)
 g - 87 arrows
 i - 56 poisoned darts
 n - 23 boomerangs
 x - 59 bolts
 z - 62 sling bullets
 D - a throwing net
Armour
 a - a +0 robe (worn)
 l - a +0 pair of boots (worn)
 I - a +0 plate armour
Jewellery
 G - a +6 ring of strength (left hand)
Wands
 y - a wand of iceblast (11)
Scrolls
 e - 2 scrolls of enchant weapon {unknown}
 h - 3 scrolls of teleportation {unknown}
 j - a scroll of random uselessness {unknown}
 m - 5 scrolls of identify {unknown}
 o - 3 scrolls of amnesia {unknown}
 q - a scroll of blinking {unknown}
 u - 3 scrolls of remove curse {unknown}
 F - 2 scrolls of fear {unknown}
 J - a scroll of fog {unknown}
 M - a scroll of magic mapping {unknown}
Potions
 d - a potion of degeneration {unknown}
 k - 2 potions of flight {unknown}
 p - a potion of stabbing {unknown}
 s - 3 potions of resistance {unknown}
 t - 2 potions of ambrosia {unknown}
 v - 5 potions of curing {unknown}
 A - a potion of cancellation {unknown}
 B - a potion of heal wounds {unknown}
 E - a potion of might {unknown}
 H - a potion of haste
 K - a potion of magic {unknown}
Comestibles
 c - 5 rations


   Skills:
 + Level 2.5 Fighting
 - Level 6.0 Axes
 - Level 6.0 Armour
 - Level 2.1 Dodging
 - Level 4.0 Stealth
 - Level 4.0 Spellcasting
 - Level 5.0 Necromancy
 - Level 5.0 Evocations


You had 10 spell levels left.
You knew the following spells:

 Your Spells              Type           Power        Failure   Level  Hunger
a - Pain                  Necr           ###.         1%          1    None
b - Animate Skeleton      Necr           N/A          1%          1    None
c - Vampiric Draining     Necr           ###.......   6%          3    ###....

Your spell library contained the following spells:

 Spells                   Type           Power        Failure   Level  Hunger
 Animate Dead             Necr           N/A          21%         4    ####...
 Agony                    Necr           ###.....     50%         5    ######.


Dungeon Overview and Level Annotations

Branches:
Dungeon (7/15)             Temple (1/1) D:5

Altars:
Ashenzari
Cheibriados
Dithmenos
Elyvilon
Fedhas
Gozag
Hepliaklqana
Makhleb
Nemelex Xobeh
Okawaru
Qazlal
Ru
Sif Muna
Trog
Uskayaw
Vehumet
Wu Jian
Yredelemnul
Zin
The Shining One

Annotations:
D:7 Harold


Innate Abilities, Weirdness & Mutations

You are resistant to damage.
You can heal yourself by infusing magical energy.
You passively map a small area around you.
You do not regenerate.


Message History

Aim: Harold, wielding a +0 battleaxe and wearing a +4 scale mail of poison resistance (moderately wounded, chance to defeat MR: 26%) Harold easily resists.
Harold hits you with a +0 battleaxe!
Evoke which item? (* to show all) (? for menu, Esc to quit)
Aiming: Polymorph
Press: ? - help, Shift-Dir - straight line, f/p - Harold
Aim: Harold, wielding a +0 battleaxe and wearing a +4 scale mail of poison resistance (moderately wounded, chance to defeat MR: 26%) Harold easily resists.
The now-empty wand crumbles to dust.
Harold barely misses you.
Evoke which item? (* to show all) (? for menu, Esc to quit)
You don't have any such object.
Evoke which item? (* to show all) (? for menu, Esc to quit)
Okay, then.
Unknown command.
Evoke which item? (* to show all) (? for menu, Esc to quit)
Okay, then.
Unknown command.
You closely miss Harold.
Harold is moderately wounded.
Harold hits you with a +0 battleaxe!!
You die...

.............#
.............#
........###..#
*
,..#######....#
, #.....#
##....# ,* ,,
*#(..##
*...##....# *
,.........@# ,
....##..@## ,
#+# #.... * ,
#....# , ,
,,#..... ,
######. * * ..
*, * . ,*


You could see Harold.

Vanquished Creatures
  An orc warrior (D:6)
  An ice beast (D:6)
  A centaur (D:6)
  An ogre (D:6)
  A big kobold (D:3)
  2 scorpions (D:5)
  5 wights
  A crimson imp (D:5)
  4 hounds
  2 orc priests (D:6)
  4 orc wizards
  4 worker ants
  A killer bee zombie (D:6)
  A howler monkey zombie (D:6)
  Robin (D:3)
  14 gnolls
  A worker ant zombie (D:6)
  8 adders
  2 shadow imps (D:6)
  An ooze (D:1)
  An adder skeleton (D:4)
  2 worms
  4 dart slugs
  4 leopard geckos
  22 orcs
  11 bats
  A giant cockroach (D:1)
  15 goblins
  10 hobgoblins
  8 jackals
  15 kobolds
  4 quokkas
  2 ball pythons
  4 frilled lizards
  A quokka skeleton (D:5)
  11 rats
171 creatures vanquished.

Vanquished Creatures (collateral kills)
  A worm (D:2)
  A giant cockroach (D:2)
  A goblin (D:3)
  2 hobgoblins (D:2)
  A frilled lizard (D:3)
6 creatures vanquished.

Grand Total: 177 creatures vanquished

Notes
Turn   | Place    | Note
-------+----------+-------------------------------------------
     0 | D:1      | MisterFreud the Deep Dwarf Necromancer began the quest for
                  | the Orb.
     0 | D:1      | Reached XP level 1. HP: 15/15 MP: 3/3
   666 | D:1      | Reached XP level 2. HP: 14/22 MP: 0/5
   691 | D:1      | Learned a level 1 spell: Animate Skeleton
   837 | D:1      | Reached skill level 5 in Necromancy
  1422 | D:1      | Reached XP level 3. HP: 28/28 MP: 5/5
  1427 | D:1      | Learned a level 3 spell: Vampiric Draining
  2002 | D:2      | Found a faded altar of an unknown god.
  2190 | D:2      | Reached XP level 4. HP: 29/36 MP: 2/6
  2611 | D:2      | Found a hazy altar of Hepliaklqana.
  2886 | D:2      | Found an iron altar of Okawaru.
  2942 | D:3      | Reached XP level 5. HP: 34/42 MP: 9/9
  3399 | D:3      | Noticed Robin
  3434 | D:3      | Reached skill level 1 in Evocations
  3464 | D:3      | Killed Robin
  3985 | D:3      | Reached XP level 6. HP: 32/49 MP: 2/11
  4505 | D:4      | Reached skill level 5 in Evocations
  4511 | D:4      | Reached skill level 1 in Axes
  5050 | D:4      | Reached XP level 7. HP: 33/55 MP: 12/12
  5306 | D:5      | Entered Level 5 of the Dungeon
  5409 | D:5      | Found a staircase to the Ecumenical Temple.
  5425 | Temple   | Entered the Ecumenical Temple
  5468 | Temple   | Became a worshipper of Makhleb the Destroyer
  5853 | D:5      | Reached skill level 5 in Axes
  6706 | D:6      | Reached skill level 1 in Armour
  6722 | D:6      | Reached XP level 8. HP: 18/62 MP: 10/10
  6976 | D:6      | Reached skill level 5 in Armour
  7163 | D:6      | Reached skill level 1 in Fighting
  7301 | D:6      | Reached * piety under Makhleb
  8273 | D:7      | Noticed Harold
  8289 | D:7      | Slain by Harold

Illustrated notes

Levels and vault maps discovered:
D:1:      tarquinn_simple_flora_water_e, layout_basic, grunt_decor_arrowhead,
          hangedman_decor_diamond_cutter, st_stairs_4, moated_statue,
          minmay_ruptured
D:2:      minmay_wonky_spiral, layout_rooms, old_standard_altar,
          chequers_ecumenical_altar_simple, first_ration, okawaru_trees_1
D:3:      cheibrodos_thug_alley, layout_basic, uniq_robin
D:4:      layout_basic
D:5:      layout_loops_corners, minmay_temple_entry_waves
D:6:      layout_cave_pods
D:7:      layout_gridville, uniq_harold
Temple:   kilobyte_greek_temple

Skill      XL: |  1  2  3  4  5  6  7  8 |
---------------+-------------------------+-----
Spellcasting   | 2 3 4 |  4.0
Necromancy     | 5 |  5.0
Stealth        | 3 4 |  4.0
Evocations     | 3 5 |  5.0
Axes           | 3 6 |  6.0
Armour         | 3 6 |  6.0
Fighting       | 2 |  2.5
Dodging        | |  2.1

Action                   |  1- 3 |  4- 6 |  7- 9 || total
-------------------------+-------+-------+-------++-------
Melee: Unarmed           |     9 |       |       ||     9
       Dagger            |    85 |    26 |       ||   111
       Whip              |       |   100 |       ||   100
       War axe           |       |     9 |   162 ||   171
       Lajatang          |       |     6 |       ||     6
 Cast: Pain              |    35 |     1 |     1 ||    37
       Vampiric Draining |     5 |    45 |    39 ||    89
       Animate Skeleton  |       |     3 |     1 ||     4
 Abil: Heal Wounds       |     1 |     1 |     8 ||    10
Evoke: Wand              |       |     4 |     5 ||     9
 Stab: Sleeping          |     1 |     2 |       ||     3
       Distracted        |       |     1 |       ||     1
  Eat: Chunk             |     5 |    13 |    11 ||    29
       Ration            |       |       |     1 ||     1
Armor: Robe              |    39 |    18 |    20 ||    77
       Plate armour      |       |       |    16 ||    16
Dodge: Dodged            |    82 |    98 |   112 ||   292

Table legend:
 A = Non-vault XP
 B = Vault XP
 C = Vault XP percentage of total XP
 D = Non-vault monster count
 E = Vault monster count
 F = Vault count percentage of total count
                 A         B        C        D         E       F
            +---------+---------+-------+---------+---------+-------
      Total |    2085 |     193 |   8.5 |     145 |      32 |  18.1
            +---------+---------+-------+---------+---------+-------
        D:1 |      28 |      17 |  37.8 |      20 |       7 |  25.9
        D:2 |     117 |      21 |  15.2 |      33 |       3 |   8.3
        D:3 |     162 |     155 |  48.9 |      24 |      22 |  47.8
        D:4 |     406 |       0 |   0.0 |      18 |       0 |   0.0
        D:5 |     319 |       0 |   0.0 |      13 |       0 |   0.0
        D:6 |    1053 |       0 |   0.0 |      37 |       0 |   0.0
            +---------+---------+-------+---------+---------+-------
